 Dungeon Crawl Stone Soup version 0.17.0-28-g6e173f8 (webtiles) character file.

102 Hildebrand the Chopper (level 4, 0/35 HPs)
             Began as a Demonspawn Gladiator on Dec 1, 2015.
             Slain by a big kobold
             ... wielding a +3 whip of pain
              (6 damage)
             ... in a sewer.
             The game lasted 00:13:10 (2876 turns).

Hildebrand the Chopper (Demonspawn Gladiator)       Turns: 2876, Time: 00:13:10

Health: 0/35       AC:  9    Str: 16    XL:     4   Next: 50%
Magic:  4/4        EV:  2    Int: 10    God:
Gold:   137        SH: 11    Dex: 13    Spells: 0 memorised, 3 levels left

rFire  . . .     SeeInvis .     a - +1 war axe
rCold  + . .     Clarity  .     n - +0 chain mail
rNeg   + . .     SustAt   .     o - +0 large shield
rPois  .         Gourm    .     c - +0 helmet
rElec  .         Spirit   .     (no cloak)
rCorr  .         Warding  .     (no gloves)
rMut   .         Stasis   .     (no boots)
MR     .....                    (no amulet)
Stlth  ..........               (no ring)
                                q - ring of positive energy

@: flying (expiring), not resistant to hostile enchantments, extremely
unstealthy
A: cold resistance 1, nightstalker 1
a: no special abilities


You were in a sewer.
You were hungry.

You visited 1 branch of the dungeon, and saw 3 of its levels.
You also visited: Sewer.

You collected 137 gold pieces.

Inventory:

Hand Weapons
 a - a +1 war axe (weapon)
Missiles
 d - 3 throwing nets (quivered)
Armour
 c - a +0 helmet (worn)
 n - a +0 chain mail (worn)
 o - a +0 large shield (worn)
Jewellery
 q - a ring of positive energy (left hand)
Scrolls
 b - 3 scrolls of remove curse {unknown}
 r - a scroll of amnesia {unknown}
 s - a scroll of teleportation
 u - a scroll of enchant weapon
Potions
 f - 3 potions of curing
 g - 3 potions of brilliance
 i - a potion of cancellation
 j - 2 potions of lignification {unknown}
 k - a potion of might {unknown}
 l - 3 potions of flight
 p - a potion of invisibility {unknown}
Comestibles
 e - 2 bread rations
 h - a meat ration
 m - 3 fruits
 t - 5 chunks of flesh


   Skills:
 * Level 3.2 Fighting
 * Level 3.6 Axes
 - Level 1.7 Throwing
 + Level 1.0 Armour
 + Level 3.0 Dodging


You had 3 spell levels left.
You didn't know any spells.

Dungeon Overview and Level Annotations

Branches:
Dungeon (3/15)

Altars:
Ashenzari
Dithmenos
Elyvilon
Qazlal


Innate Abilities, Weirdness & Mutations

Your flesh is cold resistant.
You are slightly more attuned to the shadows.


Message History

The big kobold is severely wounded.
You block the big kobold's attack.
You hit the big kobold but do no damage.
The big kobold is severely wounded.
The big kobold hits you but does no damage.
You block the big kobold's attack.
Your shield and chain mail prevent you from hitting the big kobold.
The big kobold is severely wounded.
The big kobold hits you but does no damage.
Your shield and chain mail prevent you from hitting the big kobold.
The big kobold is severely wounded.
The big kobold hits you with a whip of pain.
* * * LOW HITPOINT WARNING * * *
Huge Dmg: -8%(-3hp) hp: 18%(6hp) Drink which item? (? for menu, Esc to quit)
It was a potion of cancellation.
Your magical effects are unravelling.
You feel magically purged.
The big kobold hits you with a whip of pain.
You die...

##.....≈≈≈≈≈
#.....≈≈≈#≈
##....P≈P#
#....P.≈#
#......P#
#.......#
##...≈.≈#
#...≈≈≈#
###.@)≈#
##K)## ..!.#
#....#
#.!∩.#
#!.!.#
######


You could see a big kobold.

Vanquished Creatures
  An orc priest (D:3)
  3 worms (D:2)
  A giant gecko (D:3)
  6 orcs (D:3)
  A giant cockroach (Sewer)
  8 hobgoblins
  6 jackals (D:2)
  11 kobolds
  2 quokkas
  A ball python (Sewer)
  4 bats
  3 giant newts
  4 goblins (D:1)
  6 rats
57 creatures vanquished.

Notes
Turn   | Place    | Note
--------------------------------------------------------------
     0 | D:1      | Hildebrand the Demonspawn Gladiator began the quest for the Orb.
     0 | D:1      | Reached XP level 1. HP: 16/16 MP: 1/1
   115 | D:1      | Huge Dmg: 7 dmg
   549 | D:1      | Huge Dmg: 3 dmg
   549 | D:1      | Reached skill level 3 in Axes
   549 | D:1      | Gained mutation: Your flesh is cold resistant. [demonic ancestry]
   549 | D:1      | Reached XP level 2. HP: 11/22 MP: 2/2
   932 | D:1      | Huge Dmg: 5 dmg
   937 | D:1      | Huge Dmg: 5 dmg
   938 | D:1      | Huge Dmg: 4 dmg
  1332 | D:2      | Gained mutation: You are slightly more attuned to the shadows. [demonic ancestry]
  1332 | D:2      | Reached XP level 3. HP: 28/28 MP: 3/3
  1634 | D:2      | Huge Dmg: 6 dmg
  2109 | D:2      | Huge Dmg: 6 dmg
  2111 | D:2      | Huge Dmg: 5 dmg
  2509 | D:3      | Found a stormy altar of Qazlal.
  2512 | D:3      | Found a shadowy altar of Dithmenos.
  2515 | D:3      | Found a shattered altar of Ashenzari.
  2527 | D:3      | Found a white marble altar of Elyvilon.
  2536 | D:3      | Huge Dmg: 9 dmg
  2555 | D:3      | Reached skill level 1 in Armour
  2555 | D:3      | Reached XP level 4. HP: 15/35 MP: 4/4
  2755 | D:3      | Found a glowing drain.
  2759 | Sewer    | Entered a sewer
  2848 | Sewer    | Noticed a big kobold
  2863 | Sewer    | Huge Dmg: 4 dmg
  2866 | Sewer    | Huge Dmg: 7 dmg
  2869 | Sewer    | Huge Dmg: 4 dmg
  2876 | Sewer    | Huge Dmg: 3 dmg
  2876 | Sewer    | Slain by a big kobold

Action                   |  1- 3 |  4- 6 || total
-------------------------+-------+-------++-------
Melee: War axe           |   166 |    40 ||   206
  Use: Scroll            |     8 |       ||     8
       Potion            |       |     3 ||     3
 Stab: Sleeping          |     1 |       ||     1
  Eat: Chunk             |     5 |     1 ||     6
